 Dungeon Crawl Stone Soup version 0.28.0-45-g0d030f2227 (webtiles) character file.

Game seed: 350422892554478897

14016 protoss039 the Geomancer (level 12, -1/96 HPs)
             Began as a Human Earth Elementalist on May 18, 2022.
             Was a Believer of Vehumet.
             Slain by an unseen horror (9 damage)
             ... on level 12 of the Dungeon.
             The game lasted 00:25:56 (17783 turns).

protoss039 the Geomancer (HuEE)                    Turns: 17783, Time: 00:25:56

Health: -1/96      AC:  6    Str:  9    XL:     12   Next: 39%
Magic:  15/24      EV: 12    Int: 20    God:    Vehumet [**....]
Gold:   179        SH:  5    Dex: 14    Spells: 18/28 levels left

rFire   + + .      SeeInvis +   H - +4 scimitar (vorpal)
rCold   + . .      Faith    .   L - +1 buckler {rN+}
rNeg    + + .      Spirit   .   v - +2 robe {rN+}
rPois   .          Reflect  .   B - +0 helmet {SInv}
rElec   .          Harm     .   K - scarf {rC+ rF+}
rCorr   .          Rampage  .   b - +0 pair of gloves
Will    .....                   (no boots)
Stlth   ++........              D - amulet of magic regeneration
HPRegen 0.26/turn               x - ring of wizardry
MPRegen 0.59/turn               E - ring of protection from fire

@: no status effects
A: no striking features
a: Renounce Religion


You were on level 12 of the Dungeon.
You worshipped Vehumet.
Vehumet was pleased with you.
You visited 2 branches of the dungeon, and saw 13 of its levels.

You collected 499 gold pieces.
You spent 320 gold pieces at shops.

Inventory:

Hand Weapons
 l - a +0 dagger of protection
 q - a +0 whip of electrocution
 H - a +4 vorpal scimitar (weapon)
Missiles
 c - 400 stones
 F - a throwing net
Armour
 b - a +0 pair of gloves (worn)
 v - a +2 robe of positive energy (worn)
 y - a +0 cloak
 B - a +0 helmet of see invisible (worn)
 K - a scarf of resistance (worn)
 L - a +1 buckler of positive energy (worn)
Jewellery
 x - a ring of wizardry (left hand)
 D - an amulet of magic regeneration (around neck)
 E - a ring of protection from fire (right hand)
Wands
 t - a wand of charming (7)
 A - a wand of iceblast (5)
 M - a wand of mindburst (8)
Scrolls
 d - 2 scrolls of amnesia
 f - a scroll of identify
 h - 4 scrolls of fear
 i - 3 scrolls of teleportation
 m - 4 scrolls of enchant armour
 r - 2 scrolls of blinking {unknown}
 s - 2 scrolls of vulnerability {unknown}
 w - a scroll of immolation {unknown}
 G - a scroll of magic mapping {unknown}
 J - a scroll of fog {unknown}
Potions
 a - 4 potions of might
 e - 4 potions of mutation
 g - 2 potions of degeneration {unknown}
 j - a potion of flight {unknown}
 k - 3 potions of attraction {unknown}
 n - a potion of berserk rage {unknown}
 o - 3 potions of lignification {unknown}
 p - 3 potions of brilliance {unknown}
 u - a potion of resistance {unknown}
 z - a potion of haste {unknown}
 C - 2 potions of curing
 I - a potion of invisibility {unknown}


   Skills:
 + Level 9.4 Fighting
 + Level 4.7 Armour
 - Level 2.0 Dodging
 - Level 2.0 Stealth
 * Level 2.5 Shields
 + Level 8.5 Spellcasting
 + Level 9.0 Conjurations
 - Level 1.0 Transmutations
 - Level 3.0 Fire Magic
 + Level 9.7 Earth Magic


You had 18 spell levels left.
You knew the following spells:

 Your Spells              Type           Power      Damage    Failure   Level
a - Sandblast             Erth           94%        2d19      1%          1
b - Passwall              Tmut/Erth      25%        N/A       1%          2
c - Stone Arrow           Conj/Erth      92%        3d12      1%          3
e - Flame Wave            Conj/Fire      32%        2d8       3%          4

Your spell library contained the following spells:

 Spells                   Type           Power      Damage    Failure   Level
 Conjure Flame            Conj/Fire      32%        6-21      1%          3
 Scorch                   Fire           40%        2d7       1%          2
 Summon Small Mammal      Summ           32%        N/A       4%          1
 Petrify                  Tmut/Erth      30%        N/A       4%          4
 Blink                    Tloc           16%        N/A       6%          2
 Corpse Rot               Necr/Air       16%        N/A       6%          2
 Ensorcelled Hibernation  Hex/Ice        16%        N/A       6%          2
 Poisonous Vapours        Pois/Air       16%        N/A       6%          2
 Call Canine Familiar     Summ           8%         N/A       13%         3
 Gell's Gravitas          Tloc           8%         N/A       13%         3
 Lesser Beckoning         Tloc           8%         N/A       13%         3
 Summon Guardian Golem    Hex/Summ       8%         N/A       13%         3
 Manifold Assault         Tloc           8%         N/A       71%         5
 Summon Cactus Giant      Summ           4%         N/A       99%         6
 Malign Gateway           Summ/Tloc      4%         N/A       100%        7
 Summon Horrible Things   Summ           4%         N/A       100%        8


Dungeon Overview and Level Annotations

Branches:
Dungeon (12/15)            Temple (1/1) D:4            Lair (0/6) D:8
    Orc (0/2) D:10

Altars:
Ashenzari
Cheibriados
Dithmenos
Elyvilon
Fedhas
Gozag
Hepliaklqana
Kikubaaqudgha
Makhleb
Nemelex Xobeh
Okawaru
Qazlal
Ru
Sif Muna
Trog
Uskayaw
Vehumet
Wu Jian
Xom
Yredelemnul
Zin
The Shining One
Jiyva
Lugonu

Shops:
D:3 [   D:8 !   D:11 :   D:12 *

Portals:
Abyss: D:7

Annotations:
D:3 2 transporters
D:7 2 runed translucent doors
D:8 1 transporter
D:9 Erolcha
D:11 exclusion: boulder beetle


Message History

The yak is almost dead.
The flame wave engulfs the unseen horror.
The unseen horror is lightly wounded.
The flame wave engulfs the unseen horror!
The unseen horror is severely wounded.
The yak gores you.
* * * LOW HITPOINT WARNING * * *
The unseen horror hits you.
* * * LOW HITPOINT WARNING * * *
The unseen horror hits you.
* * * LOW HITPOINT WARNING * * *
Unknown command.
Unknown command.
A wave of flame ripples out!
The flame wave engulfs the unseen horror.
The unseen horror is moderately wounded.
The flame wave engulfs the yak!
You kill the yak!
Vehumet accepts your kill.
The flame wave engulfs the unseen horror!
The unseen horror is almost dead.
You finish channelling waves of flame.
The unseen horror closely misses you. The unseen horror barely misses you.
Your Conjurations skill increases to level 9!
Unknown command.
Unknown command.
Unknown command.
Casting: Flame Wave (dangerous; 3% risk of failure)
Confirm with . or Enter, or press ? or * to list all spells.
Casting: Flame Wave (dangerous; 3% risk of failure)
Press: ? - help, Dir - look around, f - activate A wave of flame ripples out!
The flame wave engulfs the unseen horror.
The unseen horror is almost dead. (Press . to intensify the flame waves.)
The unseen horror hits you but does no damage.
The unseen horror hits you.
* * * LOW HITPOINT WARNING * * *
The unseen horror hits you!
You die...

..≈≈≈≈≈...#####.........
..≈≈≈≈≈...# #.........
...≈≈≈....# ###.........
..........# #..##......
..........# #..##.H....
...........##.....#####
.............∩....#
..............##x.#
..........##..##@.#
......... #...†††# .....
.. .......x........ ....
. ................ ...
................ .^
#...#####........ ≈ ...
#........ .. #........
#........


You could see a manticore and 2 unseen horrors.

Vanquished Creatures
  Harold (D:10)
  A hydra (D:12)
  A two-headed ogre (D:9)
  Pikel (D:5)
  2 cyclopes (D:11)
  Joseph (D:7)
  An unseen horror (D:11)
  2 komodo dragons
  2 trolls
  Grinder (D:3)
  5 slime creatures
  A wraith (D:11)
  A vampire (D:12)
  17 yaks
  2 shadows
  8 vampire mosquitoes
  7 water moccasins
  Duvessa (D:4)
  3 ice beasts
  A black bear (D:6)
  A sky beast (D:6)
  2 orc warriors
  An ogre (D:2)
  6 centaurs
  2 kobold brigands (D:9)
  A wyvern zombie (D:7)
  2 scorpions
  6 bullfrogs (D:8)
  Dowan (D:4)
  4 killer bees (D:9)
  A wight (D:8)
  A howler monkey (D:11)
  An electric eel (D:9)
  2 centaur zombies
  3 bullfrog zombies
  A jelly (D:6)
  A gnoll shaman (D:5)
  4 orc priests
  Crazy Yiuf (D:3)
  2 centaur skeletons
  2 bullfrog skeletons
  3 iguanas
  6 orc wizards
  Robin (D:2)
  A howler monkey zombie (D:10)
  7 adders
  8 gnolls
  2 shadow imps
  2 ufetubi
  5 dart slugs
  16 orcs
  2 bats
  7 endoplasms
  2 giant cockroaches
  15 goblins
  10 hobgoblins
  4 jackals (D:1)
  A quokka (D:4)
  7 ball pythons
  3 frilled lizards
  17 kobolds
  4 rats
227 creatures vanquished.

Vanquished Creatures (others)
  A wizard (D:9)
  34 fungi (D:8)
  47 plants
82 creatures vanquished.

Grand Total: 309 creatures vanquished

Notes
Turn   | Place    | Note
-------+----------+-------------------------------------------
     0 | D:1      | protoss039 the Human Earth Elementalist began the quest for
                  | the Orb.
     0 | D:1      | Reached XP level 1. HP: 13/13 MP: 3/3
   237 | D:1      | Reached XP level 2. HP: 7/20 MP: 0/5
   510 | D:1      | Reached skill level 1 in Fighting
  1099 | D:1      | Reached XP level 3. HP: 24/26 MP: 4/6
  1462 | D:1      | Learned a level 2 spell: Passwall
  1466 | D:1      | Learned a level 3 spell: Stone Arrow
  1732 | D:2      | Reached XP level 4. HP: 18/33 MP: 7/7
  1899 | D:2      | Noticed Robin
  2575 | D:3      | Found a runed translucent door.
  2607 | D:2      | Killed Robin
  2684 | D:2      | Reached skill level 1 in Conjurations
  2691 | D:2      | Noticed an ogre
  2729 | D:2      | HP: 1/34 [ogre/+0 giant club (29)]
  3054 | D:2      | Reached XP level 5. HP: 39/39 MP: 6/8
  3173 | D:2      | Found a faded altar of an unknown god.
  3286 | D:2      | Killed an ogre
  3381 | D:3      | Reached XP level 6. HP: 46/47 MP: 6/10
  3432 | D:3      | You fall into a shaft and drop 3 floors!
  3466 | D:5      | Entered Level 5 of the Dungeon
  4171 | D:5      | Noticed Pikel
  4176 | D:5      | Killed Pikel
  4177 | D:5      | Reached skill level 5 in Fighting
  4177 | D:5      | Reached XP level 7. HP: 56/56 MP: 0/12
  4177 | D:5      | Reached XP level 8. HP: 62/62 MP: 0/13
  4916 | D:4      | Found a staircase to the Ecumenical Temple.
  4938 | D:4      | Reached skill level 5 in Earth Magic
  4954 | Temple   | Entered the Ecumenical Temple
  5360 | D:4      | Noticed Duvessa
  5362 | D:4      | Noticed Dowan
  5370 | D:4      | Killed Duvessa
  5371 | D:4      | Killed Dowan
  6346 | D:3      | Found a transporter.
  6353 | D:3      | Found a transporter.
  6415 | D:3      | Found a broken altar of Ashenzari.
  6475 | D:3      | Found Xoxu's Antique Armour Emporium.
  6493 | D:3      | Noticed Grinder
  6505 | D:3      | Killed Grinder
  7067 | D:3      | Noticed Crazy Yiuf
  7072 | D:3      | Killed Crazy Yiuf
  7443 | D:6      | Reached XP level 9. HP: 48/69 MP: 3/16
  7444 | D:6      | Reached skill level 5 in Spellcasting
  7764 | D:6      | Reached skill level 5 in Conjurations
  7908 | D:6      | Found an ornate altar of the Wu Jian Council.
  8333 | D:6      | Found an opulent altar of Gozag.
  8716 | D:7      | Found a radiant altar of Vehumet.
  8900 | D:7      | Became a worshipper of Vehumet
  9241 | D:7      | Found a one-way gate to the infinite horrors of the Abyss.
  9333 | D:7      | Reached skill level 1 in Armour
  9586 | D:7      | Found a large runed translucent door.
  9586 | D:7      | Found a large runed translucent door.
  9592 | D:7      | Found a corrupted altar of Lugonu.
  9632 | D:7      | Noticed Joseph
  9637 | D:7      | Killed Joseph
 10011 | D:7      | Learned a level 4 spell: Flame Wave
 10054 | D:8      | Found a sparkling altar of Nemelex Xobeh.
 10054 | D:8      | Found a transporter.
 10054 | D:8      | Noticed a centaur warrior
 10055 | D:8      | Noticed a slime creature
 10136 | D:8      | Reached XP level 10. HP: 66/77 MP: 10/19
 10211 | D:8      | Found a staircase to the Lair.
 10220 | D:8      | Reached skill level 1 in Fire Magic
 10678 | D:8      | Found Pil Hoep's Distillery.
 10724 | D:8      | Bought a potion of heal wounds for 65 gold pieces
 10724 | D:8      | Bought a potion of curing for 39 gold pieces
 10724 | D:8      | Bought a potion of curing for 39 gold pieces
 10768 | D:8      | Reached * piety under Vehumet
 10768 | D:8      | Offered knowledge of Shock by Vehumet.
 11040 | D:8      | Found a shimmering altar of Xom.
 11040 | D:8      | Noticed an angel
 11049 | D:8      | Got Edalua Diem's Catalogue of Captivating Dislocation
 11079 | D:8      | Found a glowing silver altar of Zin.
 12430 | D:9      | Found a stormy altar of Qazlal.
 12643 | D:9      | Found a blossoming altar of Fedhas.
 12711 | D:9      | Found a shadowy altar of Dithmenos.
 12766 | D:9      | Noticed Erolcha
 12789 | D:10     | Entered Level 10 of the Dungeon
 12824 | D:10     | Noticed Harold
 12971 | D:10     | Reached XP level 11. HP: 64/85 MP: 10/21
 12971 | D:10     | Reached ** piety under Vehumet
 12971 | D:10     | Offered knowledge of Foxfire by Vehumet.
 13457 | D:9      | Found a bloodstained altar of Trog.
 13458 | D:9      | Noticed a wizard
 13463 | D:9      | Killed a wizard
 13678 | D:9      | Noticed a two-headed ogre
 13685 | D:9      | Killed a two-headed ogre
 14059 | D:10     | Found a staircase to the Orcish Mines.
 14462 | D:10     | Killed Harold
 16323 | D:11     | Noticed a boulder beetle
 16360 | D:11     | Noticed a cyclops
 16366 | D:11     | Killed a cyclops
 16367 | D:11     | Reached XP level 12. HP: 62/95 MP: 11/24
 16660 | D:11     | Found Fapsusics's Book Shop.
 16849 | D:11     | Found an iron altar of Okawaru.
 16973 | D:10     | Offered knowledge of Conjure Flame by Vehumet.
 17117 | D:3      | Bought a glowing buckler for 135 gold pieces
 17546 | D:11     | Reached skill level 1 in Shields
 17727 | D:12     | Noticed a four-headed hydra
 17734 | D:12     | Killed a four-headed hydra
 17754 | D:12     | Found Fuvoddya's General Store.
 17762 | D:12     | Bought a scroll of teleportation for 42 gold pieces
 17783 | D:12     | Slain by an unseen horror

Illustrated notes

Levels and vault maps discovered:
D:1:      dpeg_arrival_leaves_temple_mockup, layout_loops_cross,
          serial_bayou_lake_a
D:2:      minmay_spotlight, layout_rooms, shapermc_ecumenical_altar_flowoftime,
          uniq_robin
D:3:      gammafunk_wand_slinger, layout_loops_ring, ashenzari_altar_1,
          serial_shops, nicolae_shop_trees, uniq_crazy_yiuf_cottage,
          uniq_grinder
D:4:      layout_loops_corners, minmay_temple_entry_glass, uniq_duvessa
D:5:      layout_basic, minmay_misc_feat_plants, hangedman_glass_teeth,
          uniq_pikel
D:6:      layout_basic, mainiacjoe_overflow_surrounded_room, grunt_gozag_statues
D:7:      due_chaos_kobolds, layout_gridville, mainiacjoe_overflow_alcove_4,
          uniq_joseph
D:8:      layout_loops_ring, grunt_temple_overflow_order_and_chaos_1,
          grunt_nemelex_the_gamble, due_lair_maze_entry_diamond, serial_shops,
          nicolae_shop_hallway_plus
D:9:      layout_basic, trog_wizard, nicolae_qazlal_style_of_elements,
          fedhas_altar_fruit_tree, lemuel_round_altar,
          small_statue_intersection, minivault_14, uniq_erolcha
D:10:     minmay_general_purpose_star, layout_irregular_city, orc_0_dummy,
          hangedman_abyss_or_decor_clamps, uniq_harold
D:11:     layout_irregular_city, serial_shops, nicolae_shop_trees,
          okawaru_altar_gauntlet_db
D:12:     layout_big_octagon, serial_shops, nicolae_square_shop
Temple:   pf_slime_end_temple

Skill      XL: |  1  2  3  4  5  6  7  8  9 10 11 12 |
---------------+-------------------------------------+-----
Fighting       | 1 2 3 5 6 7 9 |  9.4
Conjurations   | 1 3 4 5 7 8 9 |  9.0
Spellcasting   | 3 4 6 7 8 |  8.5
Earth Magic    | 4 5 7 8 9 |  9.7
Armour         | 2 3 4 |  4.7
Fire Magic     | 3 |  3.0
Shields        | 2 |  2.5
Dodging        | |  2.0
Stealth        | |  2.0
Transmutations | |  1.0

Action                   |  1- 3 |  4- 6 |  7- 9 | 10-12 || total
-------------------------+-------+-------+-------+-------++-------
Melee: Dagger            |    81 |    89 |     1 |       ||   171
       Unarmed           |    15 |       |       |       ||    15
       Whip              |       |       |    98 |    63 ||   161
       Punch             |       |       |     3 |     3 ||     6
       Scimitar          |       |       |       |    19 ||    19
 Cast: Sandblast         |    29 |    70 |    15 |    26 ||   140
       Stone Arrow       |       |     4 |    72 |   161 ||   237
       Flame Wave        |       |       |     1 |    11 ||    12
Evoke: Wand              |       |       |       |     1 ||     1
  Use: Scroll            |       |       |     7 |     4 ||    11
       Potion            |       |       |       |     5 ||     5
 Stab: Sleeping          |     4 |     1 |     2 |       ||     7
Armor: Robe              |    29 |    27 |    45 |    73 ||   174
Dodge: Dodged            |    84 |    88 |    81 |   151 ||   404
Block: Buckler           |       |       |       |     6 ||     6
